 Dungeon Crawl Stone Soup version 0.17-a0-963-gaa5423c (webtiles) character file.

1157 RobertPalmer the Cleaver (level 8, 0/68 HPs)
             Began as a Deep Dwarf Fighter on May 9, 2015.
             Was a Follower of Makhleb.
             Slain by Menkaure (16 damage)
             ... on level 6 of the Dungeon.
             The game lasted 00:10:26 (4601 turns).

RobertPalmer the Cleaver (Deep Dwarf Fighter)       Turns: 4601, Time: 00:10:26

Health: 0/68       AC: 16    Str: 20    XL:     8   Next: 16%
Magic:  11/11      EV:  5    Int:  9    God:    Makhleb [*.....]
Gold:   307        SH:  9    Dex: 14    Spells: 0 memorised, 7 levels left

rFire  + . .     SeeInvis .     a - +0 war axe
rCold  . . .     Clarity  .     E - +3 chain mail
rNeg   . . .     SustAb   .     c - +0 shield
rPois  .         Gourm    .     (no helmet)
rElec  .         Spirit   .     (no cloak)
rCorr  .         Warding  .     n - +0 pair of gloves
rMut   .         Stasis   .     A - +2 pair of boots
MR     +....                    (no amulet)
Stlth  ..........               p - ring of protection from fire {rF+, !d}
                                d - ring of magical power {MP+9}

@: non-regenerating, somewhat resistant to hostile enchantments, extremely
unstealthy
A: damage resistance, recharge devices, sense surroundings 1, slow healing 3
a: Device Recharging, Renounce Religion


You were on level 6 of the Dungeon.
You worshipped Makhleb.
Makhleb was aware of your devotion.
You were not hungry.

You visited 2 branches of the dungeon, and saw 7 of its levels.

You collected 307 gold pieces.

Inventory:

Hand weapons
 a - a +0 war axe (weapon)
Missiles
 g - 5 curare-tipped needles
Armour
 c - a +0 shield (worn)
 n - a +0 pair of gloves (worn)
   (You found it on level 1 of the Dungeon)
 A - a +2 pair of boots (worn)
   (You found it on level 4 of the Dungeon)
 E - a +3 chain mail (worn)
   (You found it on level 5 of the Dungeon)
Rods
 b - a +8 iron rod (17/17)
   (You found it on level 2 of the Dungeon)
Jewellery
 d - a ring of magical power (left hand) {MP+9}
   (You found it on level 3 of the Dungeon)
 p - a ring of protection from fire (right hand) {rF+, !d}
   (You found it on level 3 of the Dungeon)
 x - the amulet "Xothiz" {Stasis rF+}
   (You found it on level 5 of the Dungeon)

   [amulet of stasis]

   It prevents you from being teleported, slowed, hasted or paralysed.
   It protects you from fire.
 C - an uncursed ring of ice {rC+, rF-}
   (You found it on level 5 of the Dungeon)
Magical devices
 e - a wand of heal wounds (1)
 j - a wand of magic darts (36)
   (You took it off a kobold on level 3 of the Dungeon)
 y - a wand of slowing (30)
   (You found it on level 4 of the Dungeon)
 B - a wand of frost (10)
   (You found it on level 4 of the Dungeon)
 D - a wand of lightning (9)
   (You found it on level 4 of the Dungeon)
Scrolls
 k - 2 scrolls of identify
 v - a scroll of remove curse
 F - a scroll of teleportation {unknown}
Potions
 i - a potion of might
 m - 3 potions of brilliance {unknown}
 o - a potion of heal wounds {unknown}
 q - a potion of curing
 r - a potion of cure mutation {unknown}
 u - a potion of agility {unknown}
 z - a potion of cancellation {unknown}
Comestibles
 f - 6 bread rations {@e1}
 h - 3 fruits
 l - 3 meat rations {@e2}
 s - 3 beef jerkies
 t - a chunk of flesh {@w0}
 w - 2 slices of pizza


   Skills:
 - Level 2.6 Fighting
 + Level 10.7 Axes
 - Level 3.2 Armour
 - Level 3.2 Shields


You had 7 spell levels left.
You didn't know any spells.

Dungeon Overview and Level Annotations

Branches:
Dungeon (6/15)             Temple (1/1) D:4

Altars:
Dithmenos
Fedhas
Gozag
Kikubaaqudgha
Makhleb
Nemelex Xobeh
Okawaru
Qazlal
Ru
Sif Muna
Trog
Vehumet
Xom
Yredelemnul
Zin
The Shining One

Shops:
D:5 (

Annotations:
D:5 exclusion: statue
D:6 Menkaure


Innate Abilities, Weirdness & Mutations

You are resistant to damage.
You can recharge devices by infusing magical energy.
You passively map a small area around you.
You do not heal naturally.


Message History

The jackal barks! x2
The jackal moves out of view.
You see here a scroll of identify.
k - 2 scrolls of identify (gained 1)
You block the jackal's attack.
You hit the jackal. The jackal barely misses you.
The jackal bites you but does no damage.
Your shield and chain mail prevent you from hitting the jackal.
You hit the jackal. You block the jackal's attack.
You block the jackal's attack.
The jackal bites you but does no damage.
You slash the jackal!
You kill the jackal!
Makhleb accepts your kill.
You closely miss the jackal. You block the jackal's attack.
You closely miss the jackal.
The jackal bites you but does no damage. x2
You barely miss the jackal. The jackal bites you.
You hit the jackal. You block the jackal's attack.
The jackal barely misses you.
You hit the jackal.
The jackal bites you but does no damage.
You hit the jackal but do no damage. You block the jackal's attack.
You slash the jackal!
You kill the jackal!
Makhleb accepts your kill.
You see here a jackal corpse.
You butcher the jackal corpse.
t - a chunk of flesh {@w0} Blork the orc comes into view.
He is wielding a short sword.
Aim: Blork the orc, wielding a short sword and wearing a robe (chance 51%) Blork the orc seems to slow down.
Evoking this partially-identified wand wasted a few charges.
A giant gecko skeleton comes into view.
Blork the orc screams, "I'm going to kill you!"
Blork the orc points at you and mumbles some strange words.
The magic dart hits you!
Blork the orc hits you but does no damage.
You barely miss Blork the orc. You slash Blork the orc!
Blork the orc hits you but does no damage.
You hit Blork the orc.
Blork the orc hits you but does no damage.
You slash Blork the orc! You slash Blork the orc!
You kill Blork the orc!
Makhleb accepts your kill.
You feel a little better.
You hit the giant gecko skeleton.
You regained 3 hp, and now have 47/68 hp.
You slash the giant gecko skeleton!
You destroy the giant gecko skeleton!
Makhleb accepts your kill.
A goblin and Menkaure come into view.
Menkaure shouts!
The goblin shouts!
Menkaure calls on the powers of darkness!
Your body is wracked with pain!
You see here 17 gold pieces.
You take 21 damage, and have 26/68 hp.
MASSIVE DAMAGE!!
Unknown command.
You now have 307 gold pieces (gained 17).
There is a stone staircase leading up here.
You climb upwards.
Level annotation: exclusion: statue
There is a stone staircase leading down here.
You feel much better.
This wand has 2 charges left.
You regained 22 hp, and now have 48/68 hp.
You climb downwards.
Level annotation: Menkaure
There is a stone staircase leading up here.
The goblin hits you but does no damage.
You closely miss the goblin. The goblin hits you but does no damage.
You hit the goblin but do no damage. The goblin barely misses you.
You closely miss the goblin. The goblin hits you but does no damage.
You slash the goblin!
You kill the goblin!
Makhleb accepts your kill.
Menkaure calls on the powers of darkness!
Your body is wracked with pain!
You take 21 damage, and have 27/68 hp.
MASSIVE DAMAGE!!
You see here a goblin corpse.
Unknown command.
Menkaure points at you and mumbles some strange words.
You resist with significant effort.
You slash Menkaure! Menkaure hits you!
* * * LOW HITPOINT WARNING * * *
You take 9 damage, and have 18/68 hp.
Unknown command.
You closely miss Menkaure. Menkaure hits you!
* * * LOW HITPOINT WARNING * * *
You take 16 damage, and have 2/68 hp.
MASSIVE DAMAGE!!
You feel much better.
This wand has 1 charge left.
Menkaure calls on the powers of darkness!
Your body is wracked with pain!
* * * LOW HITPOINT WARNING * * *
You regained 14 hp, and now have 16/68 hp.
You hit Menkaure. Menkaure hits you!
You die...

, #....#.#.... ,
,#....#.#...., ,, *
#....(..... , , *
#........#######. ,,
#........#.......
#...#....#....... ,
, * #......#.......
, #<†...........# ,
, ,,
*###@........... ,
......'.M..........
,
..#####..........[.
, ,
*.........###.......
*.........# *#..[...
,
.........####......
,...................
,
........[####......
,..M........ ##.


You could see Menkaure.

Vanquished Creatures
  The ghost of Borgoz the Purveyor of Pain, an experienced DENe of Kikubaaqudgha (D:5)
  A phantom (D:4)
  An ogre (D:5)
  Blork the orc (D:6)
  A crimson imp (D:5)
  A giant frog skeleton (D:4)
  2 hounds
  6 worker ants
  2 orc priests
  2 iguanas (D:5)
  2 orc wizards
  A worker ant zombie (D:5)
  3 gnolls (D:3)
  4 adders
  2 shadow imps
  2 oozes
  An adder skeleton (D:4)
  2 worms (D:2)
  16 orcs
  12 bats
  2 bat skeletons (D:4)
  7 giant cockroaches
  16 hobgoblins
  7 jackals
  A quokka (D:4)
  2 ball pythons
  A giant gecko (D:1)
  A giant gecko skeleton (D:6)
  A giant gecko zombie (D:5)
  2 giant newts
  16 goblins
  5 kobolds
  6 rats
130 creatures vanquished.

Notes
Turn   | Place    | Note
--------------------------------------------------------------
     0 | D:1      | RobertPalmer, the Deep Dwarf Fighter, began the quest for the Orb.
     0 | D:1      | Reached XP level 1. HP: 20/20 MP: 1/1
   254 | D:1      | Reached skill level 3 in Axes
   254 | D:1      | Reached XP level 2. HP: 22/27 MP: 2/2
  1124 | D:2      | Reached XP level 3. HP: 18/33 MP: 3/3
  1128 | D:2      | Reached skill level 4 in Axes
  1146 | D:2      | Found a stormy altar of Qazlal.
  1246 | D:2      | HP: 8/33 [worm (5)]
  1324 | D:2      | Identified a +1 iron rod (14/14) (You found it on level 2 of the Dungeon)
  2015 | D:3      | HP: 5/33 [orc priest/divine providence (9)]
  2032 | D:3      | HP: 6/33 [orc wizard/puff of flame (8)]
  2036 | D:3      | Reached skill level 5 in Axes
  2036 | D:3      | Reached XP level 4. HP: 3/40 MP: 4/4
  2537 | D:3      | Reached XP level 5. HP: 39/46 MP: 4/4
  2545 | D:3      | Reached skill level 6 in Axes
  2990 | D:4      | Found an iron altar of Okawaru.
  3085 | D:4      | Noticed a phantom
  3135 | D:4      | Reached skill level 7 in Axes
  3135 | D:4      | Reached XP level 6. HP: 34/55 MP: 1/1
  3211 | D:4      | Killed a phantom
  3275 | D:4      | Found a staircase to the Ecumenical Temple.
  3288 | Temple   | Entered the Ecumenical Temple
  3299 | Temple   | Became a worshipper of Makhleb the Destroyer
  3356 | D:4      | Reached skill level 8 in Axes
  3593 | D:5      | Entered Level 5 of the Dungeon
  3598 | D:5      | Reached XP level 7. HP: 54/61 MP: 2/2
  3640 | D:5      | Found a shimmering altar of Xom.
  3640 | D:5      | Found a shimmering altar of Xom.
  3640 | D:5      | Found a shimmering altar of Xom.
  3641 | D:5      | Found a shimmering altar of Xom.
  3641 | D:5      | Found a shimmering altar of Xom.
  3647 | D:5      | Found a shimmering altar of Xom.
  3648 | D:5      | Found a shimmering altar of Xom.
  3648 | D:5      | Found a shimmering altar of Xom.
  3648 | D:5      | Found a shimmering altar of Xom.
  3649 | D:5      | Found a shimmering altar of Xom.
  3793 | D:5      | Found Yjudoet's Weapon Emporium.
  3926 | D:5      | Reached skill level 9 in Axes
  3928 | D:5      | Noticed Borgoz's ghost (experienced DENe)
  3978 | D:5      | Killed Borgoz's ghost
  4034 | D:5      | Acquired Makhleb's first power
  4042 | D:5      | Reached skill level 10 in Axes
  4121 | D:5      | Reached XP level 8. HP: 55/68 MP: 3/3
  4141 | D:5      | Found a radiant altar of Vehumet.
  4386 | D:5      | Got a bound iron amulet
  4387 | D:5      | Identified the amulet "Xothiz" {Stasis rF+} (You found it on level 5 of the Dungeon)
  4564 | D:6      | Noticed Blork the orc
  4573 | D:6      | Killed Blork the orc
  4575 | D:6      | Noticed Menkaure
  4599 | D:6      | HP: 2/68 [Menkaure (16)]
  4601 | D:6      | Slain by Menkaure

Action                   |  1- 3 |  4- 6 |  7- 9 || total
-------------------------+-------+-------+-------++-------
Melee: War axe           |   121 |   228 |   151 ||   500
 Abil: Device Recharging |       |     5 |     1 ||     6
Evoke: Wand              |     5 |     5 |     5 ||    15
       Rod               |       |       |     2 ||     2
  Use: Scroll            |     4 |     2 |     5 ||    11
       Potion            |     3 |       |     1 ||     4
  Eat: Chunk             |     2 |     7 |     4 ||    13
       Fruit             |       |       |     1 ||     1

Vault maps used:
D:1:      dpeg_arrival_chase, minmay_box_of_dots
D:2:      nicolae_qazlal_general_emergency
D:3:      first_bread
D:4:      okawaru_ov_weapons_minmay, minmay_temple_entry_purple_smoke,
          serial_curves, eino_curves_01, eino_curves_03
D:5:      vehumet_statue, serial_shops, shop_statue, xom_redecorated
D:6:      uniq_sigmund, uniq_pikel, uniq_blork_the_orc, uniq_crazy_yiuf_cottage,
          uniq_menkaure, uniq_grinder, uniq_eustachio, uniq_duvessa
Temple:   lightli_temple_of_artemis

Table legend:
 A = Turns spent in this place as a percentage of turns spent in the entire game.
 B = Non-inter-level travel turns spent in this place as a percentage of non-inter-level travel turns spent in the entire game.
 C = Inter-level travel turns spent in this place as a percentage of turns spent in this place.
 D = Turns resting spent in this place as a percentage of non-inter-level travel turns spent in this place.
 E = Turns spent auto-exploring this place as a percentage of non-inter-level travel turns spent in this place.
 F = Non-inter-level travel turns spent in this place divided by the number of levels of this place that you've seen.
                   A       B       C       D       E      F
               +-------+-------+-------+-------+-------+----------------------
         Total | 100.0 | 100.0 |   0.6 |   0.5 |  10.4 | 241.0
       Dungeon |  98.6 |  98.6 |   0.6 |   0.5 |  10.6 | 277.3
        Temple |   1.4 |   1.4 |   0.0 |   0.0 |   0.0 |  23.0
               +-------+-------+-------+-------+-------+----------------------

Table legend:
 A = Kills in this place as a percentage of kills in entire the game.
 B = Kills by you in this place as a percentage of kills by you in the entire game.
 C = Kills by friends in this place as a percentage of kills by friends in the entire game.
 D = Other kills in this place as a percentage of other kills in the entire game.
 E = Experience gained in this place as a percentage of experience gained in the entire game.
 F = Experience gained in this place divided by the number of levels of this place that you have seen.
                   A       B       C       D       E      F
               +-------+-------+-------+-------+-------+----------------------
         Total | 100.0 | 100.0 |  -nan |  -nan | 100.0 | 236.3
       Dungeon | 100.0 | 100.0 |  -nan |  -nan | 100.0 | 275.7
               +-------+-------+-------+-------+-------+----------------------
